 Dungeon Crawl Stone Soup version 0.31-a0-142-g31f6795574 (webtiles) character file.

Game seed: 6596604038811675711

11569 holysushi the Nimble (level 12, 0/74 HPs)
             Began as a Djinni Necromancer on June 4, 2023.
             Was an Initiate of Yredelemnul.
             Slain by a komodo dragon (29 damage)
             ... on level 1 of the Lair of Beasts.
             The game lasted 00:21:37 (13144 turns).

holysushi the Nimble (Djinni Necromancer)          Turns: 13144, Time: 00:21:38

Health: 0/74       AC: 10    Str: 10    XL:     12   Next: 9%
Gold:   230        EV: 20    Int: 18    God:    Yredelemnul [......] SH:  8 Dex: 18

rFire   + + +        x - +3 dagger (spect)
rCold   x . .        i - +4 buckler "Trusted Companion" {rElec rF+}
rNeg    . . .        F - +0 steam dragon scales
rPois   ∞            j - +1 helmet
rElec   +            d - +0 cloak
rCorr   .            e - +0 pair of gloves {Str+3}
SInv    .            (boots unavailable)
Will    +....        (no amulet)
Stlth   ++           b - ring of wizardry
HPRegen 0.32/turn    (no ring)
MPRegen 0.00/turn

%: wizardry (x1), infuse magic (-1 HP)
@: flying
A: sickness immunity, fire resistance 2, cold vulnerability 1, float, innate
caster, HP casting, extra vitality 1, screaming 1, shaggy fur 1
a: Renounce Religion, Recall Undead Harvest


You were on level 1 of the Lair of Beasts.
You worshipped Yredelemnul.
Yredelemnul was noncommittal.
You visited 3 branches of the dungeon, and saw 12 of its levels.
You also visited: Bailey.

You collected 594 gold pieces.
You spent 364 gold pieces at shops.

Inventory:

Hand Weapons
 x - a +3 spectral dagger (weapon)
Missiles
 B - 3 throwing nets
Armour
 a - a +0 robe
 d - a +0 cloak (worn)
 e - a +0 pair of gloves of strength (worn)
 i - the +4 buckler "Trusted Companion" (worn) {rElec rF+}
   (You acquired it in a bailey)

   rF:        It protects you from fire.
   rElec:     It insulates you from electricity.
 j - a +1 helmet (worn)
 y - the +0 leather armour of Relativism {Dex+3}
   (You found it on level 7 of the Dungeon)

   Dex:       It affects your dexterity (+3).
 F - +0 steam dragon scales (worn)
Jewellery
 b - a ring of wizardry (left hand)
 h - an amulet of faith
 G - a ring of wizardry
 I - the ring of Qecerof {Contam rC++ Will+ Str+5}
   (You found it on level 10 of the Dungeon)

   [ring of willpower]

   Str:       It affects your strength (+5).
   rC:        It greatly protects you from cold.
   Contam:    It causes magical contamination when unequipped.
   Will:      It increases your willpower.
Wands
 k - a wand of paralysis (8)
 l - a wand of mindburst (12)
 p - a wand of flame (43)
 t - a wand of polymorph (10)
 C - a wand of iceblast (6)
Scrolls
 c - 2 scrolls of torment
 m - a scroll of magic mapping
 r - 3 scrolls of immolation
 u - a scroll of fog
 w - 4 scrolls of identify
 A - a scroll of enchant armour
 H - a scroll of blinking {unknown}
Potions
 f - 3 potions of brilliance
 g - a potion of enlightenment
 n - 2 potions of heal wounds
 o - 7 potions of curing
 q - a potion of lignification
 s - 2 potions of resistance
 v - 6 potions of mutation
 z - 2 potions of invisibility
 D - a potion of cancellation
 E - a potion of haste {unknown}


   Skills:
 - Level 2.0 Fighting
 - Level 2.0 Short Blades
 + Level 13.7 Dodging
 - Level 3.0 Stealth
 - Level 1.0 Shields
 + Level 10.0 Spellcasting
 + Level 10.0 Conjurations
 + Level 10.0 Hexes
 + Level 10.0 Summonings
 + Level 10.0 Necromancy
 + Level 10.0 Translocations
 + Level 10.0 Transmutations
 + Level 10.0 Fire Magic
 + Level 10.0 Ice Magic
 + Level 10.0 Air Magic
 + Level 10.0 Earth Magic
 + Level 10.0 Poison Magic
 - Level 3.0 Evocations


You knew the following spells:

 Your Spells              Type           Power      Damage    Failure   Level
a - Necrotise             Necr           100%       1d9       1%          1
b - Vampiric Draining     Necr           45%        2d9       1%          3
c - Animate Dead          Necr           45%        N/A       1%          4
d - Agony                 Necr           45%        N/A       2%          5
e - Shock                 Conj/Air       100%       1d9       1%          1
f - Wereblood             Tmut           45%        N/A       1%          2
g - Frozen Ramparts       Ice            90%        1d14      1%          3
h - Passage of Golubria   Tloc           45%        N/A       1%          4
i - Silence               Hex/Air        22%        N/A       2%          5
Your spell library was empty.

Dungeon Overview and Level Annotations

Branches:
Dungeon (10/15) Zot: 25662  Temple (1/1) D:4 Zot: 5676    Lair (1/5) D:8 Zot: 5908
 Bailey (visited)
    Orc: D:9-12

Altars:
Ashenzari
Cheibriados
Dithmenos
Elyvilon
Fedhas
Gozag
Hepliaklqana
Makhleb
Nemelex Xobeh
Okawaru
Qazlal
Ru
Trog
Uskayaw
Wu Jian
Xom
Yredelemnul
Zin
The Shining One

Shops:
D:7 [?:(*   D:8 *   D:9 !   D:10 [

Annotations:
D:6 3 runed translucent doors, deremet's ghost, novice DrCj


Innate Abilities, Weirdness & Mutations

You are immune to sickness and miasma.
You are immune to poison.
Your flesh is very heat resistant. (rF++)
You are vulnerable to cold. (rC-)
You float through the air rather than walking.
You learn spells naturally, not from books.
Your magical power is your life essence.
You have superior vitality. (+4 MHP)
You occasionally shout uncontrollably at your foes.
You are covered in fur. (AC +1)


Message History

Casting: Vampiric Draining (safe; 1% risk of failure)
Confirm with . or Enter, or press ? or * to list all spells.
Aiming: Vampiric Draining (safe; 1% risk of failure)
Press: ? - help, Shift-Dir - straight line, f/p - komodo dragon
Aim: a komodo dragon (heavily wounded)
You draw life force from the komodo dragon!
You feel life coursing into your body.
Your bullfrog zombie hits the cane toad but does no damage.
The cane toad stings you but does no damage.
You block the komodo dragon's attack.
Your bullfrog zombie hits the cane toad.
Casting: Vampiric Draining (safe; 1% risk of failure)
Confirm with . or Enter, or press ? or * to list all spells.
Aiming: Vampiric Draining (safe; 1% risk of failure)
Press: ? - help, Shift-Dir - straight line, f/p - komodo dragon
Aim: a komodo dragon (severely wounded)
You draw life force from the komodo dragon.
You feel life coursing into your body. The cane toad completely misses you.
Your bullfrog zombie hits the cane toad but does no damage.
The komodo dragon misses you. The cane toad stings you!
Casting: Vampiric Draining (safe; 1% risk of failure)
Confirm with . or Enter, or press ? or * to list all spells.
Aiming: Vampiric Draining (safe; 1% risk of failure)
Press: ? - help, Shift-Dir - straight line, f/p - komodo dragon
Aim: a komodo dragon (severely wounded)
You draw life force from the komodo dragon.
You feel life coursing into your body.
Your bullfrog zombie completely misses the cane toad.
The cane toad completely misses you. The komodo dragon barely misses you.
Casting: Vampiric Draining (safe; 1% risk of failure)
Confirm with . or Enter, or press ? or * to list all spells.
Aiming: Vampiric Draining (safe; 1% risk of failure)
Press: ? - help, Shift-Dir - straight line, f/p - komodo dragon
Aim: a komodo dragon (severely wounded)
You draw life force from the komodo dragon!
You feel life coursing into your body.
Your bullfrog zombie misses the cane toad.
The cane toad closely misses you. The komodo dragon bites you!!
You die...
Your body rises from the dead as a mindless zombie.

###### #.. #....
###....## #. #....
#.....#.## #.
###...###)...#...###.
.....P #...##......<
....###...#).......
#...##P........###.
#l..####......###..
#.@F# ##....## ###
#..Z########## ##..
##.....# #####...
##....#####.##....
##..............#
###............#
#..........###
...########### ...#


You could see a komodo dragon, a cane toad (ally target) and a friendly bullfrog
zombie.

Vanquished Creatures
  A two-headed ogre (D:8)
  3 death yaks
  An orc knight (D:10)
  2 ugly things (D:7)
  An unseen horror (D:7)
  2 trolls
  2 hornets
  A wyvern (D:10)
  Sigmund (D:2)
  6 yaks
  A steam dragon (D:9)
  A vampire mosquito (D:7)
  An acid dragon (D:9)
  Edmund (D:5)
  2 water moccasins
  10 orc warriors
  5 ice beasts
  3 black bears
  2 sky beasts (D:7)
  An ogre (D:5)
  2 centaurs
  A wolf (Lair:1)
  3 kobold brigands
  7 bullfrogs
  4 scorpions
  3 wights (D:7)
  10 killer bees
  2 howler monkeys
  2 hounds (D:6)
  2 jellies (D:6)
  2 orc priests
  Crazy Yiuf (D:5)
  2 gnoll boudas (D:9)
  A sleepcap (D:6)
  Jessica (D:3)
  2 iguanas
  4 orc wizards
  16 gnolls
  5 adders
  A white imp (D:7)
  4 worms
  4 dart slugs
  35 orcs
  5 ball pythons
  4 endoplasms
  2 giant cockroaches
  20 goblins
  14 hobgoblins
  2 jackals (D:3)
  2 quokkas (D:3)
  5 bats
  A frilled lizard (D:3)
  20 kobolds
  6 rats
242 creatures vanquished.

Vanquished Creatures (collateral kills)
  3 yaks (D:10)
  An acid dragon (shapeshifter) (D:10)
  An orc warrior (D:10)
  A crimson imp (D:10)
  An orc (D:10)
  A kobold (D:10)
  A frilled lizard (D:3)
9 creatures vanquished.

Vanquished Creatures (others)
  3 yak zombies (D:10)
  A centaur zombie (D:10)
  A bullfrog zombie (D:7)
  A scorpion zombie (D:7)
  2 killer bee zombies (D:10)
  A sky beast zombie (D:7)
  5 gnoll zombies
  3 goblin zombies (Bailey)
  4 hobgoblin zombies (Bailey)
  8 orc zombies
29 creatures vanquished.

Grand Total: 280 creatures vanquished

Notes
Turn   | Place    | Note
-------+----------+-------------------------------------------
     0 | D:1      | holysushi the Djinni Necromancer began the quest for the
                  | Orb.
     0 | D:1      | holysushi set off with the following spells memorised:
                  | Necrotise, Vampiric Draining, Animate Dead, Agony.
     0 | D:1      | Reached XP level 1. HP: 15/15 MP: 0/0
   237 | D:1      | Reached XP level 2. HP: 18/21 MP: 0/0
   547 | D:2      | Noticed Sigmund
   775 | D:1      | Reached XP level 3. HP: 24/25 MP: 0/0
   775 | D:1      | Learned a level 1 spell: Shock
   819 | D:1      | Found a faded altar of an unknown god.
  1097 | D:2      | Reached skill level 3 in Dodging
  1203 | D:2      | Killed Sigmund
  1204 | D:2      | Reached skill level 4 in Dodging
  1204 | D:2      | Reached skill level 1 in Shields
  1204 | D:2      | Reached XP level 4. HP: 19/31 MP: 0/0
  1204 | D:2      | Reached XP level 5. HP: 22/35 MP: 0/0
  1204 | D:2      | Learned a level 2 spell: Wereblood
  1366 | D:2      | Identified the +0 leather armour of the Snake Pit {Fly
                  | rElec}
  1556 | D:2      | Identified the +6 quarterstaff "Lylal" {freeze, rN+ Str+4
                  | Int-3}
  1711 | D:3      | Found a bloodstained altar of Trog.
  1782 | D:3      | Reached XP level 6. HP: 36/40 MP: 0/0
  1902 | D:3      | HP: 1/39 [something/puff of flame (3)]
  1906 | D:3      | Gained mutation: You occasionally shout uncontrollably at
                  | your foes. [potion of mutation]
  1906 | D:3      | Gained mutation: You are covered in fur. (AC +1) [potion of
                  | mutation]
  2179 | D:3      | Noticed Jessica
  2181 | D:3      | Killed Jessica
  2182 | D:3      | Reached skill level 5 in Dodging
  2653 | D:4      | Found a staircase to the Ecumenical Temple.
  2685 | Temple   | Entered the Ecumenical Temple
  3026 | D:4      | Reached XP level 7. HP: 45/45 MP: 0/0
  3026 | D:4      | Learned a level 3 spell: Frozen Ramparts
  3038 | D:4      | Reached skill level 5 in Spellcasting
  3038 | D:4      | Reached skill level 5 in Conjurations
  3038 | D:4      | Reached skill level 5 in Hexes
  3038 | D:4      | Reached skill level 5 in Summonings
  3038 | D:4      | Reached skill level 5 in Necromancy
  3038 | D:4      | Reached skill level 5 in Translocations
  3038 | D:4      | Reached skill level 5 in Transmutations
  3038 | D:4      | Reached skill level 5 in Fire Magic
  3038 | D:4      | Reached skill level 5 in Ice Magic
  3038 | D:4      | Reached skill level 5 in Air Magic
  3038 | D:4      | Reached skill level 5 in Earth Magic
  3038 | D:4      | Reached skill level 5 in Poison Magic
  3485 | D:5      | Entered Level 5 of the Dungeon
  3542 | D:5      | Reached skill level 6 in Dodging
  4125 | D:5      | Noticed Edmund
  4139 | D:5      | Killed Edmund
  4140 | D:5      | Reached XP level 8. HP: 30/50 MP: 0/0
  4698 | D:5      | Found a runed translucent door.
  4699 | D:5      | Noticed Crazy Yiuf
  4850 | D:5      | Killed Crazy Yiuf
  4851 | D:5      | Reached skill level 7 in Dodging
  5062 | D:6      | Found a runed translucent gate.
  5301 | D:6      | Found a hide-covered altar of Uskayaw.
  5339 | D:6      | Found a runed translucent gate.
  5339 | D:6      | Found a runed translucent gate.
  5339 | D:6      | Noticed deremet's ghost (novice DrCj)
  5460 | D:6      | Reached skill level 8 in Dodging
  5474 | D:6      | Reached XP level 9. HP: 29/55 MP: 0/0
  5474 | D:6      | Learned a level 4 spell: Passage of Golubria
  5768 | D:7      | Found Puag's Antique Weapon Shop.
  5893 | D:7      | Found a stormy altar of Qazlal.
  5911 | D:7      | Found Pugat's Book Boutique.
  5950 | D:7      | Found a flagged portal.
  5991 | D:7      | Noticed a red ugly thing
  6004 | D:7      | Killed a red ugly thing
  6005 | D:7      | Reached skill level 9 in Dodging
  6144 | D:7      | Noticed a troll
  6158 | D:7      | Noticed a red ugly thing
  6166 | Bailey   | Entered a bailey
  6363 | Bailey   | Reached skill level 1 in Fighting
  6376 | Bailey   | Reached skill level 10 in Dodging
  6428 | Bailey   | Reached XP level 10. HP: 41/64 MP: 0/0
  6595 | Bailey   | Noticed an orc warlord
  6595 | Bailey   | Noticed an orc knight
  6596 | Bailey   | Noticed an orc knight
  6677 | Bailey   | Acquired the +4 buckler "Trusted Companion" {rElec rF+}
  6737 | D:7      | Found Hyin's Armour Shop.
  6744 | D:7      | Bought a +0 pair of gloves of strength for 126 gold pieces
  6787 | D:7      | Found a transporter.
  6789 | D:7      | Found Uppumuti's Magic Scroll Shop.
  6844 | D:7      | Found a transporter.
  6854 | D:7      | Reached skill level 1 in Short Blades
  6854 | D:7      | Reached skill level 1 in Evocations
  6860 | D:7      | Bought a scroll of magic mapping for 112 gold pieces
  6860 | D:7      | Bought a scroll of identify for 30 gold pieces
  7214 | D:7      | Identified the +0 leather armour of Relativism {Dex+3}
  7324 | D:7      | Killed a red ugly thing
  7335 | D:7      | Found Zinizy's Mayhem Merchandise.
  7445 | D:7      | Killed an unseen horror
  7446 | D:7      | Reached skill level 11 in Dodging
  7801 | D:7      | Found a transporter.
  7804 | D:7      | Found Uppumuti's Magic Scroll Shop.
  7823 | D:7      | Found Hyin's Armour Shop.
  7957 | D:7      | Found Pugat's Book Boutique.
  8197 | D:7      | Found Puag's Antique Weapon Shop.
  8213 | D:7      | Found Zinizy's Mayhem Merchandise.
  8281 | D:7      | Found a transporter.
  8335 | D:7      | Found a stormy altar of Qazlal.
  8526 | D:7      | Found a transporter.
  8529 | D:7      | Found Uppumuti's Magic Scroll Shop.
  8548 | D:7      | Found Hyin's Armour Shop.
  8685 | D:7      | Found a transporter.
  8686 | D:7      | Found Puag's Antique Weapon Shop.
  8702 | D:7      | Found Zinizy's Mayhem Merchandise.
  8749 | D:7      | Found Pugat's Book Boutique.
  8938 | D:7      | Found a stormy altar of Qazlal.
  9253 | D:8      | Noticed a death yak
  9255 | D:8      | Noticed a death yak
  9255 | D:8      | Noticed a death yak
  9296 | D:8      | Found a staircase to the Lair.
  9315 | D:8      | Found Vamoux's Neck Hole.
  9388 | D:8      | Noticed a two-headed ogre
  9403 | D:8      | Killed a two-headed ogre
  9432 | D:8      | Found a sacrificial altar of Ru.
  9447 | D:8      | Reached XP level 11. HP: 68/68 MP: 0/0
  9447 | D:8      | Learned a level 5 spell: Silence
  9523 | D:8      | Found a broken altar of Ashenzari.
  9648 | D:7      | Killed a death yak
  9649 | D:7      | Reached skill level 12 in Dodging
  9837 | D:7      | Killed a death yak
 10303 | D:8      | Found a broken altar of Ashenzari.
 10338 | D:8      | Found a sacrificial altar of Ru.
 10515 | D:8      | Found Vamoux's Neck Hole.
 10561 | D:8      | Killed a death yak
 10646 | D:8      | Found a staircase to the Lair.
 10822 | Lair:1   | Entered Level 1 of the Lair of Beasts
 10968 | D:9      | Found Kucaest's Distillery.
 10976 | D:9      | Bought a potion of cancellation for 96 gold pieces
 11245 | D:9      | Found an iron altar of Okawaru.
 11245 | D:9      | Found a glowing silver altar of Zin.
 11251 | D:9      | Found a snail-covered altar of Cheibriados.
 11504 | D:9      | Reached skill level 13 in Dodging
 11750 | D:10     | Entered Level 10 of the Dungeon
 12030 | D:10     | Noticed an orc knight
 12041 | D:10     | Killed an orc knight
 12069 | D:10     | Reached XP level 12. HP: 51/74 MP: 0/0
 12258 | D:10     | Found a basalt altar of Yredelemnul.
 12285 | D:10     | Became a worshipper of Yredelemnul the Dark
 12312 | D:10     | Found a shimmering altar of Xom.
 12312 | D:10     | Found a burning altar of Makhleb.
 12343 | D:10     | Identified the ring of Qecerof {Contam rC++ Will+ Str+5}
 12404 | D:10     | Reached * piety under Yredelemnul
 12524 | D:10     | Found Tristan's Dragon-Slaying Spoils.
 13139 | Lair:1   | Reached skill level 10 in Spellcasting
 13139 | Lair:1   | Reached skill level 10 in Conjurations
 13139 | Lair:1   | Reached skill level 10 in Hexes
 13139 | Lair:1   | Reached skill level 10 in Summonings
 13139 | Lair:1   | Reached skill level 10 in Necromancy
 13139 | Lair:1   | Reached skill level 10 in Translocations
 13139 | Lair:1   | Reached skill level 10 in Transmutations
 13139 | Lair:1   | Reached skill level 10 in Fire Magic
 13139 | Lair:1   | Reached skill level 10 in Ice Magic
 13139 | Lair:1   | Reached skill level 10 in Air Magic
 13139 | Lair:1   | Reached skill level 10 in Earth Magic
 13139 | Lair:1   | Reached skill level 10 in Poison Magic
 13144 | Lair:1   | Slain by a komodo dragon

Illustrated notes

Levels and vault maps discovered:
D:1:      minmay_arrival_floating_metal, layout_basic, serial_forest,
          infiniplex_forest_lined_2, infiniplex_forest_zigzag_1,
          infiniplex_forest_clump_tiny, infiniplex_forest_straight_5,
          infiniplex_forest_zigzag_1, infiniplex_forest_lined_corner,
          infiniplex_forest_lined_3_way, hellmonk_ecumenical_altar_inner_sanctum
D:2:      layout_basic, dreamdust_mushroom_princess, uniq_sigmund
D:3:      minmay_chambers_of_threes, layout_basic,
          lemuel_coloured_pillars_altar, nicolae_elevator_lobby_asterisk,
          uniq_jessica
D:4:      layout_rooms, vehumet_altar_wand_db, nicolae_overflow_hidden_temple,
          temple_pool_b
D:5:      layout_basic, guppyfry_early_lair_pool, uniq_edmund,
          uniq_crazy_yiuf_cottage
D:6:      layout_cave_pools, mainiacjoe_overflow_small_starburst,
          ebering_ghost_rock_garden, minmay_misc_feat_alley
D:7:      minmay_blocky_corners, layout_basic, nicolae_qazlal_eye_of_the_storm,
          serial_shops, nicolae_shop_drivethru, shop, shop, shop_fountains,
          enter_bailey_6, minmay_shop_mayhem
D:8:      layout_gridville, nicolae_ru_awakened_eye,
          cheibrodos_ashenzari_chains, dpeg_lair_monsters,
          nicolae_shop_sticking_my_neck_out
D:9:      layout_long_grid, gammafunk_temple_overflow_forgotten, serial_shops,
          shop_statue, chequers_avenue, dk_noncrumbling_4
D:10:     layout_layer_cave, grunt_temple_overflow_champion_of_chaos,
          mainiacjoe_overflow_catwalk, nicolae_shop_dragon_depot,
          dreamdust_wishing_well, minmay_chambers_of_fives
Temple:   jpeg_temple_island
Lair:1:   dreamdust_labyrinth, layout_concentric_octagons,
          ebering_ghost_reflecting_pool, st_stairs_8, uniq_sonja, uniq_erica

Skill      XL: |  1  2  3  4  5  6  7  8  9 10 11 12 |
---------------+-------------------------------------+-----
Dodging        | 4 5 6 8 10 11 13 | 13.7
Shields        | 1 |  1.0
Spellcasting   | 4 5 6 7 8 9 10 | 10.0
Conjurations   | 4 5 6 7 8 9 10 | 10.0
Hexes          | 4 5 6 7 8 9 10 | 10.0
Summonings     | 4 5 6 7 8 9 10 | 10.0
Necromancy     | 4 5 6 7 8 9 10 | 10.0
Translocations | 4 5 6 7 8 9 10 | 10.0
Transmutations | 4 5 6 7 8 9 10 | 10.0
Fire Magic     | 4 5 6 7 8 9 10 | 10.0
Ice Magic      | 4 5 6 7 8 9 10 | 10.0
Air Magic      | 4 5 6 7 8 9 10 | 10.0
Earth Magic    | 4 5 6 7 8 9 10 | 10.0
Poison Magic   | 4 5 6 7 8 9 10 | 10.0
Fighting       | 2 |  2.0
Short Blades   | 2 |  2.0
Stealth        | 3 |  3.0
Evocations     | 3 |  3.0

Action                     |  1- 3 |  4- 6 |  7- 9 | 10-12 || total
---------------------------+-------+-------+-------+-------++-------
  Melee: Short sword       |       |     7 |    11 |       ||    18
         Dagger            |       |       |    16 |    31 ||    47
   Cast: Necrotise         |    55 |    31 |     8 |     2 ||    96
         Shock             |     7 |       |     1 |    21 ||    29
         Vampiric Draining |       |    33 |   139 |   257 ||   429
         Frozen Ramparts   |       |       |     7 |       ||     7
         Wereblood         |       |       |     1 |       ||     1
         Animate Dead      |       |       |     4 |     7 ||    11
         Passage of Golubr |       |       |     1 |       ||     1
  Evoke: Wand              |       |       |       |     7 ||     7
    Use: Potion            |       |     4 |     2 |     4 ||    10
         Scroll            |       |       |    19 |     2 ||    21
   Stab: Invisible         |       |       |     1 |       ||     1
 Armour: Robe              |     3 |     9 |    18 |    38 ||    68
         Steam dragon scal |       |       |       |    15 ||    15
  Dodge: Dodged            |    13 |    23 |   116 |   262 ||   414
  Block: Buckler           |       |     4 |    37 |   131 ||   172

Table legend: (Time is in decaauts)
 A = Elapsed time spent in this place.
 B = Non-inter-level travel time spent in this place.
 C = Inter-level travel time spent in this place.
 D = Time resting spent in this place.
 E = Time spent auto-exploring this place.
 F = Levels seen in this place.
 G = Mean time per level.
                   A        B        C        D        E       F      G
               +--------+--------+--------+--------+--------+-----+--------+
         Total |  13156 |  12526 |    630 |    751 |   9492 |  13 | 1012.0 |
       Dungeon |  12203 |  11600 |    603 |    635 |   9035 |  10 | 1220.3 |
        Temple |    323 |    298 |     25 |      0 |    275 |   1 |  323.0 |
          Lair |     90 |     88 |      2 |      0 |     47 |   1 |   90.0 |
        Bailey |    539 |    539 |      0 |    116 |    135 |   1 |  539.0 |
               +--------+--------+--------+--------+--------+-----+--------+

Top non-repeatable levels by time:
     D:7: 3220 daAuts
     D:5: 1449 daAuts
     D:8: 1331 daAuts
    D:10: 1292 daAuts
     D:1: 971 daAuts
     D:3: 923 daAuts
     D:9: 905 daAuts
     D:4: 760 daAuts
     D:6: 706 daAuts
     D:2: 642 daAuts
  Bailey: 539 daAuts
  Temple: 323 daAuts
  Lair:1: 90 daAuts
